 Dungeon Crawl Stone Soup version 0.19-b1-4-gd8a0a2a (webtiles) character file.

4929 Inkary the Protected (level 10, 0/100 HPs)
             Began as a Demonspawn Gladiator on Oct 30, 2016.
             Was a Follower of Uskayaw.
             Slain by an orc knight
             ... wielding a +0 war axe
              (17 damage)
             ... in a bailey.
             The game lasted 00:14:26 (8149 turns).

Inkary the Protected (Demonspawn Gladiator)         Turns: 8149, Time: 00:14:27

Health: 0/100      AC: 25    Str: 23    XL:     10   Next: 27%
Magic:  2/10       EV:  2    Int:  8    God:    Uskayaw [*.....]
Gold:   371        SH:  0    Dex: 16    Spells: 0 memorised, 9 levels left

rFire  + + +     SeeInvis +     s - +7 flail of Qixzof {flame, +Fly rF+++ Str+4 SInv}
rCold  . . .     Gourm    .     (armour currently unavailable)
rNeg   + + +     Faith    .     (no shield)
rPois  +         Spirit   .     (helmet currently unavailable)
rElec  .         Reflect  .     (cloak currently unavailable)
rCorr  .         Harm     .     (gloves currently unavailable)
MR     +....     NoTele   +     (boots currently unavailable)
Stlth  ++++......               (no amulet)
                                I - ring of wizardry
                                H - ring of positive energy

@: agile, tree-form
A: (beak), (talons 0), see invisible, clumsy 1, dopey 1, foul stench 1, magic
resistance 1, nightstalker 2, wild magic 1, rot immunity
a: Stomp, Renounce Religion


You were in a bailey.
You worshipped Uskayaw.
Uskayaw was noncommittal.
You were hungry.
You were a tree.
You visited 2 branches of the dungeon, and saw 10 of its levels.
You also visited: Sewer and Bailey.

You collected 371 gold pieces.

Inventory:

Hand Weapons
 a - a +1 war axe
 s - the +7 flail of Qixzof (weapon) {flame, +Fly rF+++ Str+4 SInv}
   (You found it on level 4 of the Dungeon)

   It has been specially enchanted to burn those struck by it, causing extra
   injury to most foes and up to half again as much damage against particularly
   susceptible opponents.
   It affects your strength (+4).
   It renders you almost immune to fire.
   It lets you see invisible.
   It lets you fly.
Missiles
 d - 4 throwing nets (quivered)
Armour
 u - a +0 scale mail (melded)
 v - a +0 cloak (melded)
 F - a +2 hat (melded)
Jewellery
 i - a +3 ring of intelligence {unknown}
 H - a ring of positive energy (left branch)
 I - a ring of wizardry (right branch)
 N - an uncursed ring of protection from fire {unknown}
Wands
 C - a wand of enslavement (9/24)
 E - a wand of digging (16/24)
 G - a wand of confusion (4/48)
 L - a wand of flame (19/48)
 O - a wand of disintegration (17/24)
Scrolls
 e - a scroll of fog
 h - 2 scrolls of recharging
 k - a scroll of blinking {unknown}
 p - 3 scrolls of remove curse
 x - a scroll of teleportation {unknown}
 y - a scroll of enchant armour {unknown}
 z - a scroll of acquirement {unknown}
 J - a scroll of identify
Potions
 g - 2 potions of curing
 j - 3 potions of brilliance
 m - a potion of cancellation
 n - 2 potions of agility
 t - 5 potions of mutation
 w - 2 potions of haste
 B - a potion of might
 M - 2 potions of ambrosia
Books
 D - a book of Frost

   Spells                             Type                      Level
   a - Freeze                         Ice                          1
   b - Throw Frost                    Conjuration/Ice              2
   c - Ozocubu's Armour               Charms/Ice                   3
   d - Throw Icicle                   Conjuration/Ice              4
   e - Summon Ice Beast               Ice/Summoning                4
Comestibles
 b - 4 beef jerkies
 f - 6 bread rations
 l - a slice of pizza
 q - 4 meat rations
 K - 24 fruits
 P - 11 chunks of flesh


   Skills:
 - Level 2.0 Fighting
 - Level 6.6(8.5) Axes
 * Level 8.3(9.4) Maces & Flails
 - Level 1.7 Throwing
 + Level 9.3 Armour
 + Level 2.6 Dodging
 + Level 0.0 Invocations


You had 9 spell levels left.
You didn't know any spells.

Dungeon Overview and Level Annotations

Branches:
Dungeon (9/15)             Temple (1/1) D:6            Lair (0/6) D:8
    Orc: D:9-12

Altars:
Ashenzari
Cheibriados
Dithmenos
Elyvilon
Fedhas
Gozag
Hepliaklqana
Kikubaaqudgha
Makhleb
Nemelex Xobeh
Okawaru
Qazlal
Ru
Sif Muna
Trog
Uskayaw
Vehumet
Xom
Yredelemnul
Zin
The Shining One


Innate Abilities, Weirdness & Mutations

((You have sharp toenails.))
You may emit foul miasma when damaged in melee.
You are significantly more attuned to the shadows.
You are immune to rotting.
((You have a beak for a mouth.))
You have supernaturally acute eyesight. (SInv)
You are clumsy. (Dex -2)
You are dopey. (Int -2)
You are resistant to hostile enchantments. (MR+)
Your spells are a little harder to cast, but a little more powerful.


Message History

The kobold throws a tomahawk of returning.
The tomahawk of returning hits you but does no damage.
The weapon returns to the kobold!
You can now stomp with the beat.
You feel much better. The orc knight hits you with a war axe!
* * * LOW HITPOINT WARNING * * *
You hit the orc knight. You burn the orc knight.
The orc knight is almost dead.
The kobold hits you but does no damage. The orc knight hits you with a war axe!
* * * LOW HITPOINT WARNING * * *
Unknown command.
You don't have enough magic at the moment.
Unknown command.
You miss the orc knight.
The orc knight is almost dead.
The kobold hits you but does no damage.
You hit the orc knight but do no damage.
The orc knight is almost dead.
The orc knight hits you with a war axe!
You die...

.'.....#o. .#....##
##((.(#≈ .. #.....#
... ...)..## ####...
..)....#########......
.8..8....'.....((.....
.........#≈≈≈≈≈#Ko....
.........#≈≈≈≈≈#♣).8..
#...8...##≈≈≈≈≈##(....
##.....##..K.K..##....
##...##......... #.$?
###


You could see an orc knight and a kobold.

Vanquished Creatures
  Erica (D:8)
  Pikel (D:5)
  A hippogriff (D:6)
  A two-headed ogre (D:8)
  Sigmund (D:4)
  Edmund (D:4)
  Duvessa (D:4)
  2 black bears
  2 sky beasts
  A necrophage (D:6)
  The ghost of cedor the Chopper, an amateur HOWr (Sewer)
  5 ogres
  A phantom (D:6)
  3 centaurs
  4 big kobolds
  Blork the orc (D:4)
  2 bullfrogs
  2 scorpions
  Dowan (D:4)
  A crimson imp (D:7)
  A centaur zombie (D:9)
  An orc priest (D:4)
  3 bullfrog zombies
  4 jellies
  3 bullfrog skeletons (D:4)
  3 hounds
  A centaur skeleton (D:8)
  3 iguanas
  3 orc wizards
  5 worker ants
  Natasha (D:2)
  A hound zombie (D:6)
  A hound skeleton (D:6)
  A worker ant zombie (D:5)
  9 adders
  8 gnolls
  3 river rats (Sewer)
  2 shadow imps
  3 oozes (Sewer)
  2 adder skeletons
  An adder zombie (D:6)
  5 worms (Sewer)
  3 dart slugs
  4 leopard geckos
  28 orcs
  12 giant cockroaches
  6 hobgoblins
  2 jackals (D:1)
  2 quokkas
  A ball python (Sewer)
  3 bats
  4 frilled lizards
  A giant cockroach zombie (D:6)
  9 goblins
  A jackal skeleton (D:5)
  16 kobolds
  A leopard gecko skeleton (D:5)
  A quokka skeleton (D:5)
  14 rats
205 creatures vanquished.

Vanquished Creatures (others)
  A slave (D:5)
  A worker ant (D:5)
  2 orcs (D:5)
4 creatures vanquished.

Grand Total: 209 creatures vanquished

Notes
Turn   | Place    | Note
-------+----------+-------------------------------------------
     0 | D:1      | Inkary the Demonspawn Gladiator began the quest for the Orb.
     0 | D:1      | Reached XP level 1. HP: 16/16 MP: 1/1
    91 | D:1      | Gained mutation: You are immune to rotting. [demonic ancestry]
    91 | D:1      | Reached XP level 2. HP: 19/22 MP: 2/2
   873 | D:2      | Reached XP level 3. HP: 24/27 MP: 3/3
  1105 | D:2      | Reached skill level 1 in Armour
  1136 | D:2      | Noticed Natasha
  1146 | D:2      | Killed Natasha
  1146 | D:2      | Gained mutation: You may emit foul miasma when damaged in melee. [demonic ancestry]
  1146 | D:2      | Reached XP level 4. HP: 18/33 MP: 4/4
  1449 | D:3      | Found a glowing drain.
  1502 | Sewer    | Entered a sewer
  1568 | Sewer    | Noticed cedor's ghost (amateur HOWr)
  1613 | Sewer    | Killed cedor's ghost
  1613 | Sewer    | Reached skill level 5 in Axes
  1613 | Sewer    | Reached skill level 2 in Armour
  1613 | Sewer    | Gained mutation: You have sharp toenails. [demonic ancestry]
  1613 | Sewer    | Reached XP level 5. HP: 19/38 MP: 5/5
  2056 | Sewer    | Reached XP level 6. HP: 39/44 MP: 6/6
  2511 | Sewer    | Reached skill level 3 in Armour
  2698 | Sewer    | Gained mutation: You are slightly more attuned to the shadows. [demonic ancestry]
  2698 | Sewer    | Reached XP level 7. HP: 38/50 MP: 7/7
  2986 | D:3      | Found a faded altar of an unknown god.
  3633 | D:4      | Noticed Blork the orc
  3663 | D:4      | Killed Blork the orc
  3671 | D:4      | Got an ichor-stained flail
  3672 | D:4      | Identified the +7 flail of Qixzof {flame, +Fly rF+++ Str+4 SInv} (You found it on level 4 of the Dungeon)
  3745 | D:4      | Noticed Dowan
  3746 | D:4      | Noticed Duvessa
  3748 | D:4      | Killed Dowan
  3754 | D:4      | Killed Duvessa
  3754 | D:4      | Reached skill level 1 in Maces & Flails
  3754 | D:4      | Reached skill level 4 in Armour
  4420 | D:4      | Reached XP level 8. HP: 38/56 MP: 8/8
  4449 | D:4      | Reached skill level 5 in Armour
  4519 | D:4      | Noticed Sigmund
  4525 | D:4      | Killed Sigmund
  4542 | D:4      | Noticed Edmund
  4546 | D:4      | Killed Edmund
  4681 | D:5      | Entered Level 5 of the Dungeon
  4692 | D:5      | Noticed Pikel
  4705 | D:5      | Killed Pikel
  4705 | D:5      | Reached skill level 5 in Maces & Flails
  4705 | D:5      | Reached skill level 6 in Armour
  4928 | D:5      | Gained mutation: You are significantly more attuned to the shadows. [demonic ancestry]
  4928 | D:5      | Reached XP level 9. HP: 61/61 MP: 9/9
  5166 | D:5      | Reached skill level 7 in Armour
  5242 | D:5      | Gained mutation: You are resistant to hostile enchantments. (MR+) [mutagenic meat]
  5243 | D:5      | Gained mutation: You have supernaturally acute eyesight. (SInv) [mutagenic meat]
  5244 | D:5      | Gained mutation: You are dopey. (Int -2) [mutagenic meat]
  5245 | D:5      | Gained mutation: Your muscles are strong. (Str +2) [mutagenic meat]
  5654 | D:6      | Reached skill level 8 in Armour
  5886 | D:6      | Found an iron altar of Okawaru.
  6012 | D:6      | Found a staircase to the Ecumenical Temple.
  6022 | Temple   | Entered the Ecumenical Temple
  6037 | Temple   | Became a worshipper of Uskayaw the Reveler
  6346 | D:6      | Reached * piety under Uskayaw
  6550 | D:7      | Reached ** piety under Uskayaw
  7229 | D:8      | Noticed Erica
  7237 | D:8      | Reached *** piety under Uskayaw
  7241 | D:8      | Killed Erica
  7241 | D:8      | Reached skill level 9 in Armour
  7241 | D:8      | Reached XP level 10. HP: 54/67 MP: 10/10
  7350 | D:8      | Found a staircase to the Lair.
  7415 | D:8      | Gained mutation: You have a beak for a mouth. [mutagenic meat]
  7416 | D:8      | Lost mutation: Your muscles are strong. (Str +2) [mutagenic meat]
  7418 | D:8      | Gained mutation: Your spells are a little harder to cast, but a little more powerful. [mutagenic meat]
  7419 | D:8      | Gained mutation: You are clumsy. (Dex -2) [mutagenic meat]
  8059 | D:9      | Found a flagged portal.
  8084 | Bailey   | Entered a bailey
  8108 | Bailey   | Noticed an orc warlord
  8127 | Bailey   | Noticed an orc knight
  8149 | Bailey   | Slain by an orc knight

Skill      XL: |  1  2  3  4  5  6  7  8  9 10 |
---------------+-------------------------------+-----
Axes           | 3 4 5 6 |  6.6
Armour         | 1 2 3 4 6 9 |  9.3
Maces & Flails | 2 5 7 8 |  8.3
Fighting       | |  2.0
Throwing       | |  1.7
Dodging        | |  2.6

Action                   |  1- 3 |  4- 6 |  7- 9 | 10-12 || total
-------------------------+-------+-------+-------+-------++-------
Melee: War axe           |   115 |   253 |    42 |       ||   410
       Kick              |       |    35 |    94 |    10 ||   139
       Flail             |       |       |   245 |    62 ||   307
       Peck              |       |       |       |     9 ||     9
Invok: Stomp             |       |       |       |     3 ||     3
  Use: Potion            |       |     7 |     2 |     3 ||    12
       Scroll            |       |     5 |     5 |     5 ||    15
 Stab: Sleeping          |     1 |       |     5 |     1 ||     7
       Paralysed         |       |       |     1 |     1 ||     2
  Eat: Chunk             |     1 |     6 |    18 |     9 ||    34
Armor: Leather armour    |    18 |       |       |       ||    18
       Plate armour      |    72 |   169 |     6 |       ||   247
       Scale mail        |       |       |   112 |    27 ||   139
       Skin              |       |       |       |    18 ||    18
Dodge: Dodged            |    55 |    50 |   150 |    31 ||   286
